 Dungeon Crawl Stone Soup version 0.32-a0-35-gd9ff480968 (webtiles) character file.

Game seed: 14738482955969474950

450 PriceMaster the Firebug (level 7, -1/43 HPs)
             Began as an Octopode Fire Elementalist on Jan 23, 2024.
             Was a Follower of Kikubaaqudgha.
             Slain by Duvessa
             ... wielding a +0 short sword
              (7 damage)
             ... on level 4 of the Dungeon.
             The game lasted 00:09:33 (3543 turns).

PriceMaster the Firebug (OpFE)                      Turns: 3543, Time: 00:09:34

Health: -1/43      AC:  1    Str:  7      XL:     7   Next: 4%
Magic:  3/13       EV: 13    Int: 25 (26) God:    Kikubaaqudgha [*.....]
Gold:   144        SH:  0    Dex: 12      Spells: 5/14 levels left

rFire   . . .        a - +3 mace
rCold   . . .        (no shield)
rNeg    . . .        (helmet restricted)
rPois   +            (no amulet)
rElec   .            c - ring of poison resistance
rCorr   .            m - ring of willpower
SInv    .            n - +6 ring of intelligence
Will    ++...        (no ring)
Stlth   +++          (no ring)
HPRegen 0.27/turn    (no ring)
MPRegen 0.13/turn    (no ring)
                     (no ring)

%: no passive effects
@: enlightened, flying
A: almost no armour, amphibious, 8 rings, camouflage 1, gelatinous body 1,
(nimble swimmer 1), tentacles
a: Renounce Religion, Unearth Wretches


You were on level 4 of the Dungeon.
You worshipped Kikubaaqudgha.
Kikubaaqudgha was aware of your devotion.
You visited 1 branch of the dungeon, and saw 4 of its levels.

You collected 144 gold pieces.

Inventory:

Hand Weapons
 a - a +3 mace (weapon)
 b - a +0 dagger
 f - a +0 long sword
 q - a +1 antimagic dagger
Jewellery
 c - a ring of poison resistance (left tentacle)
 m - a ring of willpower (right tentacle)
 n - a +6 ring of intelligence (on tentacle)
 s - a +4 ring of slaying
Scrolls
 k - a scroll of revelation {unknown}
 p - a scroll of enchant armour
Potions
 d - 2 potions of cancellation
 h - a potion of degeneration
 l - a potion of heal wounds {unknown}
 o - a potion of brilliance {unknown}
 r - a potion of attraction {unknown}


   Skills:
 + Level 1.2 Fighting
 + Level 2.2 Long Blades
 + Level 0.9 Maces & Flails
 + Level 2.4 Dodging
 + Level 4.2 Stealth
 + Level 4.1 Spellcasting
 + Level 1.7 Conjurations
 + Level 0.1 Hexes
 + Level 4.6 Fire Magic


You had 5 spell levels left.
You knew the following spells:

 Your Spells              Type           Power      Damage    Failure   Level
a - Foxfire               Conj/Fire      80%        2x1d8     2%          1
b - Scorch                Fire           56%        2d7       1%          2
c - Inner Flame           Hex/Fire       16%        N/A       11%         3
d - Vampiric Draining     Necr           5%         2d6       26%         3

Your spell library contained the following spells:

 Spells                   Type           Power      Damage    Failure   Level
 Kiss of Death            Conj/Necr      36%        2d8       6%          1
 Volatile Blastmotes      Fire/Tloc      32%        2d12      11%         3
 Sublimation of Blood     Necr           5%         N/A       14%         2
 Flame Wave               Conj/Fire      20%        2d7       24%         4
 Fugue of the Fallen      Necr           5%         N/A       26%         3
 Starburst                Conj/Fire      10%        6d5       98%         6
 Plasma Beam              Fire/Air       8%         2x1d18    99%         6


Dungeon Overview and Level Annotations

Branches:
Dungeon (4/15)
 Temple: D:4-7

Altars:
Kikubaaqudgha
Qazlal

Annotations:
D:4 Duvessa


Innate Abilities, Weirdness & Mutations

You cannot wear most types of armour.
You are amphibious.
You can wear up to eight rings at the same time.
Your skin changes colour to match your surroundings (Stealth+).
Your rubbery body absorbs attacks. (AC +1, EV +1)
((You are camouflaged when in or above water. (Stealth+)))
You have tentacles for arms and can constrict up to eight enemies at once.


Message History

You draw life force from Duvessa.
You feel life coursing into your body. Duvessa hits you with a +0 short sword!
Casting: Vampiric Draining (quite dangerous; 26% risk of failure)
Confirm with . or Enter, or press ? or * to list all spells.
Flames lash Duvessa.
Duvessa is moderately wounded.
Duvessa's fire resistance burns away.
You hear a shout!
Duvessa hits you with a +0 short sword!
* * * LOW HITPOINT WARNING * * *
Duvessa barely misses you.
Blink to where?
Press: ? - help, Dir - move target, p - Duvessa
As you read the scroll of blinking, it crumbles to dust.
Okay, then.
As you read the scroll of fog, it dissolves into smoke.
Your magical contamination has completely faded away.
Okay, then.
As you read the scroll labelled XOUMAH YSUEHAO, it crumbles to dust.
It is a scroll of enchant armour.
You aren't carrying any armour which can be enchanted further.
Duvessa completely misses you.
Okay, then.
Casting: Scorch (safe; 1% risk of failure)
Confirm with . or Enter, or press ? or * to list all spells.
Aiming: Vampiric Draining (quite dangerous; 26% risk of failure)
Press: ? - help, Shift-Dir - straight line, f - Duvessa
Aim: Duvessa, wielding a +0 short sword, wearing a +1 ring mail of willpower and carrying a wand of polymorph (black smoke, moderately wounded, berserk)
You draw life force from Duvessa!
You feel life coursing into your body. Duvessa hits you with a +0 short sword!
* * * LOW HITPOINT WARNING * * *
Casting: Vampiric Draining (quite dangerous; 26% risk of failure)
Confirm with . or Enter, or press ? or * to list all spells.
You don't know that spell.
It was a potion of enlightenment.
You feel very buoyant.
You fly up into the air.
Duvessa barely misses you. Duvessa hits you with a +0 short sword!
You die...
Kikubaaqudgha rasps: "You have failed me!
Welcome... death!"

# .#.# #..##.# #
###....# #..##.#
#<.....# #..##§#
#.#...####..#§§#
#.##..le....#§##
#.########.##§#
###### #.#
#.##§##§.....
#.# #.##§e§§#
#.. ..####@§#
..# ### #§§#
#..# #..# #..#
#..# #..# #..#
########


You could see Duvessa (berserk).

Vanquished Creatures
  Grinder (D:3)
  Dowan (D:4)
  A jelly (D:4)
  2 iguanas (D:4)
  Robin (D:3)
  4 adders
  A ribbon worm (D:2)
  An orc (D:3)
  2 bats
  5 endoplasms
  6 giant cockroaches
  14 goblins
  6 hobgoblins
  A jackal (D:4)
  4 quokkas
  7 ball pythons
  5 frilled lizards
  5 kobolds
  9 rats
76 creatures vanquished.

Vanquished Creatures (others)
  70 foxfires
70 creatures vanquished.

Grand Total: 146 creatures vanquished

Notes
Turn   | Place    | Note
-------+----------+-------------------------------------------
     0 | D:1      | PriceMaster the Octopode Fire Elementalist began the quest
                  | for the Orb.
     0 | D:1      | Reached XP level 1. HP: 11/11 MP: 3/3
   215 | D:1      | Reached XP level 2. HP: 12/17 MP: 1/5
   218 | D:1      | Learned a level 2 spell: Scorch
   833 | D:2      | Reached XP level 3. HP: 21/21 MP: 4/6
  1554 | D:3      | Noticed Grinder
  1565 | D:3      | Learned a level 3 spell: Inner Flame
  1684 | D:3      | Reached XP level 4. HP: 27/27 MP: 1/7
  1713 | D:3      | Noticed Robin
  1726 | D:3      | Killed Robin
  1727 | D:3      | Reached skill level 1 in Long Blades
  2096 | D:3      | Killed Grinder
  2097 | D:3      | Reached XP level 5. HP: 9/32 MP: 1/10
  2097 | D:3      | Reached XP level 6. HP: 10/37 MP: 1/11
  2522 | D:3      | Found a faded altar of an unknown god.
  2725 | D:3      | Prayed at the altar of an unknown god.
  2725 | D:3      | Became a worshipper of Kikubaaqudgha
  2725 | D:3      | Reached * piety under Kikubaaqudgha
  2725 | D:3      | Received a gift from Kikubaaqudgha
  2730 | D:3      | Learned a level 3 spell: Vampiric Draining
  2766 | D:4      | Reached skill level 1 in Fighting
  2772 | D:4      | Noticed Dowan
  3440 | D:4      | Found a stormy altar of Qazlal.
  3515 | D:4      | Killed Dowan
  3516 | D:4      | Reached XP level 7. HP: 29/43 MP: 2/13
  3524 | D:4      | Noticed Duvessa
  3543 | D:4      | Slain by Duvessa

Illustrated notes

Levels and vault maps discovered:
D:1:      psy_arrival_basics, layout_basic
D:2:      layout_loops_ring
D:3:      layout_loops_ring, hellmonk_ecumenical_altar_prayer_group,
          minmay_misc_feat_roman, corexii_shack, chequers_serial_rivers_marsh,
          st_stairs_14, kennysheep_generic_room_12, uniq_grinder, uniq_robin
D:4:      layout_loops_ring, mainiacjoe_overflow_brackets, uniq_duvessa

Skill      XL: |  1  2  3  4  5  6 |
---------------+-------------------+-----
Stealth        | 3 4 |  4.2
Long Blades    | 2 |  2.2
Spellcasting   | 3 4 |  4.1
Fire Magic     | 4 |  4.6
Fighting       | 1 |  1.2
Maces & Flails | |  0.9
Dodging        | |  2.4
Conjurations   | |  1.7
Hexes          | |  0.1

Action                     |  1- 3 |  4- 6 |  7- 9 || total
---------------------------+-------+-------+-------++-------
  Melee: Dagger            |    17 |     2 |       ||    19
         Tentacles         |     7 |     4 |       ||    11
         Constrict         |    11 |    11 |       ||    22
         Long sword        |    22 |     9 |       ||    31
         Mace              |       |    23 |       ||    23
   Cast: Foxfire           |    18 |    29 |     4 ||    51
         Scorch            |     9 |    16 |     1 ||    26
         Inner Flame       |     2 |     3 |       ||     5
         Vampiric Draining |       |     1 |     2 ||     3
    Use: Scroll            |     1 |     4 |     3 ||     8
         Potion            |       |     2 |     2 ||     4
   Stab: Sleeping          |     9 |     3 |       ||    12
         Distracted        |       |     1 |       ||     1
 Armour: Skin              |    16 |    23 |     4 ||    43
  Dodge: Dodged            |    21 |    23 |     5 ||    49

Table legend: (Time is in decaauts)
 A = Elapsed time spent in this place.
 B = Non-inter-level travel time spent in this place.
 C = Inter-level travel time spent in this place.
 D = Time resting spent in this place.
 E = Time spent auto-exploring this place.
 F = Levels seen in this place.
 G = Mean time per level.
                   A        B        C        D        E       F      G
               +--------+--------+--------+--------+--------+-----+--------+
         Total |   3558 |   3438 |    120 |    729 |   2080 |   4 |  889.5 |
       Dungeon |   3558 |   3438 |    120 |    729 |   2080 |   4 |  889.5 |
               +--------+--------+--------+--------+--------+-----+--------+

Top non-repeatable levels by time:
     D:3: 1641 daAuts
     D:2: 884 daAuts
     D:1: 654 daAuts
     D:4: 377 daAuts
